 Dungeon Crawl Stone Soup version 0.30-a0-347-gf58ed52 (webtiles) character file.

Game seed: 16034531406008346132

152 Dorkslayer the Sneak (level 5, -10/34 HPs)
             Began as an Octopode Brigand on Nov 5, 2022.
             Mangled by Crazy Yiuf
             ... wielding a +2 quarterstaff of chaos
              (17 damage)
             ... on level 3 of the Dungeon.
             The game lasted 00:05:55 (2012 turns).

Dorkslayer the Sneak (Octopode Brigand)             Turns: 2012, Time: 00:05:55

Health: -10/34     AC:  1    Str: 10    XL:     5   Next: 34%
Magic:  6/6        EV: 12    Int: 23    God:
Gold:   160        SH:  0    Dex: 13    Spells: 4/6 levels left

rFire   . . .      SeeInvis .    p - +8 short sword "Piax" {freeze, Int+7}
rCold   . . .      Faith    .    (no shield)
rNeg    . . .      Spirit   .    (helmet restricted)
rPois   .          Reflect  .    (no amulet)
rElec   .          Harm     .    (no ring)
rCorr   .          Rampage  .    (no ring)
Will    .....                    (no ring)
Stlth   +++++.....               (no ring)
HPRegen 0.25/turn                (no ring)
MPRegen 0.10/turn                (no ring)
                                 (no ring)
                                 (no ring)

@: no status effects
A: almost no armour, amphibious, 8 rings, camouflage 1, gelatinous body 1,
(nimble swimmer 1), tentacles
a: no special abilities


You were on level 3 of the Dungeon.
You visited 1 branch of the dungeon, and saw 3 of its levels.

You collected 160 gold pieces.

Inventory:

Hand Weapons
 a - a +2 dagger
 h - a +2 dagger of holy wrath
 p - the +8 short sword "Piax" (weapon) {freeze, Int+7}
   (You found it on level 3 of the Dungeon)

   It freezes those it strikes, dealing additional cold damage.
   It can also slow down cold-blooded creatures.
   Int:       It affects your intelligence (+7).
Missiles
 b - 9 poisoned darts (quivered)
 s - 2 curare-tipped darts
Wands
 c - a wand of flame (19)
Scrolls
 f - a scroll of noise {unknown}
 g - 4 scrolls of enchant weapon {unknown}
 m - a scroll of fear {unknown}
 r - a scroll of acquirement {unknown}
Potions
 e - 2 potions of flight
 j - 2 potions of brilliance
 k - 2 potions of lignification
 l - a potion of curing {unknown}
 n - a potion of cancellation {unknown}
 o - a potion of heal wounds {unknown}
 q - a potion of haste {unknown}


   Skills:
 + Level 2.1 Fighting
 + Level 2.5 Short Blades
 + Level 2.1 Throwing
 + Level 1.1 Dodging
 + Level 7.6 Stealth
 * Level 1.2 Spellcasting
 * Level 1.0 Air Magic
 * Level 0.8 Poison Magic


You had 4 spell levels left.
You knew the following spells:

 Your Spells              Type           Power      Damage    Failure   Level
a - Poisonous Vapours     Pois/Air       10%        N/A       14%         2

Your spell library contained the following spells:

 Spells                   Type           Power      Damage    Failure   Level
 Cigotuvi's Dreadful Rot  Necr/Pois/Air  8%         N/A       17%         2
 Mephitic Cloud           Conj/Pois/Air  4%         N/A       32%         3
 Frozen Ramparts          Ice            2%         1d1       38%         3
 Ice Form                 Ice/Tmut       1%         N/A       80%         4
 Summon Ice Beast         Ice/Summ       1%         N/A       80%         4


Dungeon Overview and Level Annotations

Branches:
Dungeon (3/15)

Altars:

Shops:
D:1 :

Annotations:
D:3 Crazy Yiuf


Innate Abilities, Weirdness & Mutations

You cannot wear most types of armour.
You are amphibious.
You can wear up to eight rings at the same time.
Your skin changes colour to match your surroundings (Stealth+).
Your rubbery body absorbs attacks. (AC +1, EV +1)
((You are camouflaged when in or above water. (Stealth+)))
You have tentacles for arms and can constrict up to eight enemies at once.


Message History

a +0 dagger; a +0 leather armour
As you read the scroll labelled IDALOX SO UKAE, it crumbles to dust.
It is a scroll of identify.
k - 2 potions of lignification
As you read the scroll of identify, it crumbles to dust.
e - 2 potions of flight
As you read the scroll of identify, it crumbles to dust.
j - 2 potions of brilliance
As you read the scroll of identify, it crumbles to dust.
i - a scroll of vulnerability You drop a scroll of vulnerability.
Okay, then.
Found a hammer.
Found a runed translucent door.
You open the door.
There is an open translucent door here.
Crazy Yiuf shouts!
You closely miss Crazy Yiuf. Your grab misses Crazy Yiuf.
Crazy Yiuf hits you with a +2 quarterstaff of chaos!
Crazy Yiuf freezes you.
You puncture Crazy Yiuf! You freeze Crazy Yiuf. You grab Crazy Yiuf.
Crazy Yiuf is severely wounded.
You constrict Crazy Yiuf. Crazy Yiuf closely misses you.
You hit Crazy Yiuf but do no damage.
Crazy Yiuf is severely wounded.
You constrict Crazy Yiuf, but do no damage.
Crazy Yiuf hits you with a +2 quarterstaff of chaos!
Crazy Yiuf draws strength from your wounds!
You hit Crazy Yiuf but do no damage.
Crazy Yiuf is heavily wounded.
You constrict Crazy Yiuf.
Crazy Yiuf hits you with a +2 quarterstaff of chaos!
* * * LOW HITPOINT WARNING * * *
Crazy Yiuf freezes you.
* * * LOW HITPOINT WARNING * * *
You hit Crazy Yiuf but do no damage.
Crazy Yiuf is heavily wounded.
You constrict Crazy Yiuf.
Crazy Yiuf hits you with a +2 quarterstaff of chaos!
Ouch! That really hurt!
You die...

#####
#)..#
#.g.#
#.@.#
##'##
#.##
##.#
#.##
##.#
##.##
##PP.#
#P...#


You could see Crazy Yiuf.

Vanquished Creatures
  A necrophage (D:3)
  Ijyb (D:3)
  An adder (D:2)
  A worm (D:2)
  2 dart slugs
  6 bats
  6 endoplasms
  2 giant cockroaches
  6 goblins
  5 hobgoblins
  3 jackals (D:3)
  4 kobolds
  A quokka (D:1)
  3 ball pythons
  2 frilled lizards (D:3)
  2 rats
46 creatures vanquished.

Notes
Turn   | Place    | Note
-------+----------+-------------------------------------------
     0 | D:1      | Dorkslayer the Octopode Brigand began the quest for the
                  | Orb.
     0 | D:1      | Reached XP level 1. HP: 14/14 MP: 1/1
    56 | D:1      | Found Weonus's Book Shop.
   194 | D:1      | Reached XP level 2. HP: 19/19 MP: 2/2
   367 | D:1      | Reached skill level 6 in Stealth
   671 | D:1      | Reached XP level 3. HP: 24/24 MP: 3/3
  1158 | D:2      | Learned a level 2 spell: Poisonous Vapours
  1448 | D:2      | You fall into a shaft and drop 1 floor!
  1453 | D:3      | Identified the +8 short sword "Piax" {freeze, Int+7}
  1562 | D:3      | Reached XP level 4. HP: 29/29 MP: 5/5
  1759 | D:3      | Noticed a necrophage
  1767 | D:3      | Killed a necrophage
  1768 | D:3      | Reached skill level 7 in Stealth
  1768 | D:3      | Reached skill level 1 in Spellcasting
  1768 | D:3      | Reached XP level 5. HP: 15/34 MP: 6/6
  1911 | D:3      | Reached skill level 1 in Air Magic
  1938 | D:3      | Noticed Ijyb
  1946 | D:3      | Killed Ijyb
  2001 | D:3      | Found a runed translucent door.
  2002 | D:3      | Noticed Crazy Yiuf
  2012 | D:3      | Mangled by Crazy Yiuf

Illustrated notes

Levels and vault maps discovered:
D:1:      dpeg_arrival_boxorama, layout_loops_corners, serial_shops,
          nicolae_shop_window_shopping, minmay_indecisive_spiral
D:2:      layout_loops_ring
D:3:      layout_loops_ring, grunt_ministairs_7, uniq_ijyb,
          uniq_crazy_yiuf_cottage

Skill      XL: |  1  2  3  4  5 |
---------------+----------------+-----
Stealth        | 6 7 |  7.6
Spellcasting   | 1 |  1.2
Air Magic      | 1 |  1.0
Fighting       | |  2.1
Short Blades   | |  2.5
Throwing       | |  2.1
Dodging        | |  1.1
Poison Magic   | |  0.8

Action                   |  1- 3 |  4- 6 || total
-------------------------+-------+-------++-------
Melee: Dagger            |    36 |       ||    36
       Constrict         |     3 |     3 ||     6
       Short sword       |     8 |    18 ||    26
       Tentacles         |     1 |     1 ||     2
Throw: Dart              |       |     3 ||     3
  Use: Scroll            |       |     4 ||     4
 Stab: Sleeping          |    22 |     2 ||    24
Armor: Skin              |       |     1 ||     1
Dodge: Dodged            |     5 |     8 ||    13

Table legend: (Time is in decaauts)
 A = Elapsed time spent in this place.
 B = Non-inter-level travel time spent in this place.
 C = Inter-level travel time spent in this place.
 D = Time resting spent in this place.
 E = Time spent auto-exploring this place.
 F = Levels seen in this place.
 G = Mean time per level.
                   A        B        C        D        E       F      G
               +--------+--------+--------+--------+--------+-----+--------+
         Total |   2003 |   2003 |      0 |      0 |   1252 |   3 |  667.7 |
       Dungeon |   2003 |   2003 |      0 |      0 |   1252 |   3 |  667.7 |
               +--------+--------+--------+--------+--------+-----+--------+

Top non-repeatable levels by time:
     D:1: 962 daAuts
     D:3: 559 daAuts
     D:2: 480 daAuts
